Map: [ESL] Inside and Out

Players

Aristori

  • Race: Zerg Zerg
  • Spawn Location: 7:00

Vindicta - Winner!

  • Race: Terran Terran
  • Spawn Location: 1:00

Event: DreamHack SC2 Masters 2022 Valencia

VOD

Have the link to the VOD?

Description

Time

  • Played on: July 1, 2022, 10:51 a.m.
  • Length: 20:03

All games in this series

Show
View Real Time Build Order
Export as new Build Order

Aristori Zerg 

Build Orders: Hatch First, Brood Lord Corruptor 

Get SALT Encoding   

  12  0:00  Drone  
  13  0:12  Overlord  
  13  0:16  Drone  
  14  0:30  Drone x2  
  16  0:47  Hatchery  
  15  0:51  Drone  
  15  0:54  Drone  
  18  0:57  Drone  
  18  1:09  Extractor  
  17  1:13  Spawning Pool  
  17  1:15  Drone  
  17  1:19  Drone  
  18  1:27  Drone  
  19  1:38  Drone  
  20  1:51  Overlord  
  20  1:59  Queen x2  
  20  2:00  Zergling x2  
  20  2:01  Zergling x2  
  26  2:11  Drone x2  
  26  2:12  Metabolic Boost  
  28  2:22  Drone x2  
  30  2:25  Extractor  
  30  2:41  Queen, Hatchery  
  31  2:47  Overlord  
  31  2:48  Drone  
  32  2:53  Drone x2  
  32  2:57  Overlord  
  34  3:01  Drone  
  35  3:05  Drone  
  35  3:06  Overlord  
  35  3:10  Drone x2  
  35  3:12  Drone  
  39  3:17  Queen  
  41  3:25  Queen  
  43  3:27  Drone  
  43  3:28  Drone  
  43  3:29  Drone  
  46  3:36  Drone x2  
  48  3:43  Drone x3  
  51  3:56  Drone x7  
  58  4:09  Queen  
  60  4:10  Drone x3  
  62  4:20  Overlord x3  
  62  4:23  Queen  
  64  4:26  Baneling Nest  
  64  4:30  Zergling x4  
  65  4:33  Overlord  
  65  4:35  Overlord  
  65  4:37  Spore Crawler  
  64  4:39  Spore Crawler x2  
  64  4:40  Lair  
  64  4:44  Spore Crawler, Drone  
  64  4:45  Drone x5  
  67  4:55  Zergling x10  
  72  5:00  Drone x5  
  72  5:05  Queen  
  78  5:07  Zergling x2  
  78  5:08  Zergling x6  
  78  5:12  Extractor  
  78  5:13  Extractor  
  80  5:19  Drone x3  
  83  5:25  Overlord, Hatchery  
  82  5:29  Spore Crawler  
  82  5:32  Drone x8  
  89  5:39  Centrifugal Hooks  
  89  5:41  Evolution Chamber  
  88  5:43  Evolution Chamber  
  88  5:49  Drone  
  92  5:50  Drone x5  
  92  5:57  Extractor x2  
  92  5:59  Drone  
  92  6:00  Drone x7  
  92  6:02  Overlord  
  98  6:09  Zerg Melee Weapons Level 1, Zerg Ground Armor Level 1  
  98  6:12  Overseer  
  98  6:24  Drone  
  98  6:25  Drone x6  
  105  6:30  Hatchery  
  104  6:39  Zergling x22  
  115  6:41  Baneling x3  
  115  6:42  Baneling x8  
  115  6:49  Zergling x8  
  119  7:00  Zergling x2  
  120  7:02  Overlord x3  
  112  7:13  Drone  
  112  7:14  Drone x9  
  118  7:21  Hydralisk Den  
  118  7:22  Zergling x10  
  122  7:23  Baneling  
  122  7:24  Baneling x6  
  122  7:35  Zergling x2  
  122  7:36  Zergling x12  
  122  7:37  Hydralisk Den  
  128  7:39  Overlord  
  128  7:44  Infestation Pit  
  128  7:45  Zergling x10  
  132  7:55  Zergling x20  
  142  8:07  Hatchery  
  142  8:11  Zergling x2  
  142  8:12  Zergling x20  
  145  8:17  Zerg Ground Armor Level 2, Zerg Melee Weapons Level 2  
  142  8:21  Zergling x2  
  142  8:22  Zergling x16  
  142  8:26  Hive  
  150  8:29  Muscular Augments  
  150  8:30  Grooved Spines  
  150  8:33  Baneling x10  
  150  8:35  Overlord  
  150  8:36  Overlord x5, Hatchery  
  149  8:43  Overlord x2  
  149  8:47  Baneling x8  
  149  8:48  Zergling x2  
  150  8:52  Overlord  
  150  9:03  Zergling x34  
  150  9:07  Baneling x10  
  150  9:09  Baneling  
  166  9:10  Baneling  
  166  9:15  Overlord  
  166  9:16  Overlord  
  163  9:23  Overseer x3  
  161  9:34  Overlord  
  161  9:35  Pneumatized Carapace  
  159  9:39  Overlord x3  
  159  9:41  Spore Crawler  
  159  9:42  Drone x10, Extractor, Spore Crawler  
  159  9:43  Extractor  
  159  9:44  Overlord  
  164  9:56  Lurker Den  
  164  9:57  Hatchery  
  164  9:59  Drone  
  163  10:00  Drone x5  
  163  10:01  Baneling  
  163  10:02  Baneling x2  
  165  10:08  Zergling x16  
  165  10:09  Zergling x24  
  185  10:15  Extractor  
  185  10:19  Burrow  
  184  10:21  Baneling x10  
  184  10:22  Overseer  
  184  10:35  Zerg Melee Weapons Level 3  
  184  10:39  Overlord  
  184  10:47  Baneling x5  
  182  10:51  Spire  
  180  11:09  Drone x4  
  174  11:15  Zerg Ground Armor Level 3, Overlord  
  174  11:16  Drone, Overlord  
  174  11:17  Drone x9  
  183  11:27  Overlord x2  
  183  11:32  Overlord x2  
  183  11:35  Extractor x2  
  183  11:37  Pathogen Glands  
  183  11:39  Spire, Overlord x2  
  180  11:41  Overlord x2  
  180  11:57  Overlord x2  
  179  12:06  Spore Crawler x2  
  179  12:07  Spore Crawler  
  179  12:08  Greater Spire  
  170  12:09  Overlord  
  165  12:19  Spore Crawler x2, Drone x5  
  165  12:21  Spore Crawler  
  165  12:22  Spore Crawler x2  
  165  12:23  Spore Crawler  
  163  12:34  Overlord x2  
  159  12:49  Corruptor x8  
  159  12:50  Corruptor x4  
  178  12:56  Zerg Flyer Weapons Level 1  
  178  13:01  Overlord x2  
  178  13:04  Drone  
  178  13:05  Spore Crawler, Drone x7  
  186  13:06  Spore Crawler  
  186  13:09  Overlord x2  
  186  13:12  Zerg Missile Weapons Level 1, Overseer x3  
  184  13:13  Overlord  
  184  13:33  Overlord  
  184  13:36  Overlord  
  184  13:40  Drone x12  
  184  13:41  Overseer  
  177  13:44  Drone x3  
  177  13:46  Brood Lord x11  
  199  14:03  Zerg Flyer Armor Level 1  
  175  15:00  Overlord  
  161  15:11  Zergling x2  
  161  15:12  Zergling x46  
  161  15:13  Zergling x8  
  144  15:14  Queen  
  144  15:20  Hydralisk x4  
  145  15:21  Queen x2  
  149  15:30  Corruptor x5  
  149  15:31  Corruptor x2  
  162  15:44  Corruptor x7  
  161  16:02  Drone x2  
  161  16:03  Drone x2  
  165  16:04  Overlord  
  165  16:08  Overlord x2  
  165  16:10  Brood Lord x3  
  165  16:11  Brood Lord  
  173  16:12  Brood Lord  
  173  16:13  Brood Lord  
  173  16:14  Brood Lord, Corruptor x4  
  147  16:44  Hydralisk x11  
  147  16:46  Overseer  
  156  16:52  Zergling x2  
  156  16:53  Zergling x30  
  162  17:02  Hydralisk x4  
  162  17:06  Brood Lord  
  155  17:26  Zergling x6  
  155  17:27  Zergling x24  
  124  17:40  Drone x9  
  105  17:52  Drone  
  105  17:53  Drone x7  
  111  18:03  Drone x16  
  111  18:09  Hydralisk x8  
  121  18:22  Drone x8  
  122  18:38  Hatchery  
  120  18:42  Seismic Spines  
  120  18:50  Hydralisk  
  120  18:51  Hydralisk x3  
  120  18:53  Baneling x3  
  128  19:03  Zergling x12  
  129  19:14  Zergling x14  
  129  19:15  Zergling x2  
  129  19:23  Zergling x2  
  129  19:24  Zergling x12  
  131  19:29  Lurker  
  131  19:30  Lurker x3  
  131  19:31  Lurker  
  134  19:32  Lurker  
  134  19:34  Lurker  
  134  19:37  Overlord  
  135  19:42  Lurker  
Show
View Real Time Build Order
Export as new Build Order

Vindicta Terran - Winner!

Build Orders: Reaper Expand, Hellion Banshee 

Get SALT Encoding   

  12  0:00  SCV  
  13  0:12  SCV  
  14  0:17  Supply Depot  
  14  0:24  SCV  
  15  0:39  Barracks, SCV  
  16  0:43  Refinery  
  16  0:51  SCV  
  17  1:03  SCV  
  18  1:15  SCV  
  19  1:28  Orbital Command, Reaper  
  20  1:39  Command Center  
  20  1:49  Supply Depot  
  20  1:54  SCV  
  20  1:59  Marine  
  22  2:05  Factory  
  22  2:09  SCV  
  23  2:20  Bunker  
  23  2:21  Barracks Reactor  
  23  2:25  Refinery, SCV  
  24  2:37  SCV  
  25  2:49  SCV  
  26  2:52  Orbital Command  
  26  2:54  Starport  
  26  3:01  SCV  
  26  3:02  Hellion x2  
  31  3:06  Barracks Tech Lab  
  31  3:14  SCV  
  31  3:18  SCV  
  33  3:23  Hellion x2  
  33  3:26  SCV  
  38  3:30  SCV  
  38  3:34  Supply Depot  
  39  3:38  SCV, Banshee  
  39  3:39  Cloaking Field  
  43  3:42  SCV  
  43  3:46  Hellion  
  46  3:52  Barracks Tech Lab  
  50  3:55  SCV x2  
  50  3:56  Hellion  
  50  3:58  Supply Depot  
  50  4:07  SCV x2  
  52  4:15  Stimpack  
  52  4:20  SCV x2  
  52  4:21  Banshee  
  57  4:29  Command Center  
  57  4:32  SCV x2  
  57  4:37  Supply Depot  
  59  4:39  Factory Reactor  
  59  4:44  SCV  
  60  4:45  Barracks  
  60  4:47  SCV  
  60  4:48  Barracks  
  61  4:56  Engineering Bay, SCV  
  61  4:57  Engineering Bay  
  61  4:59  Refinery  
  62  5:00  Refinery, Marine  
  62  5:03  SCV  
  64  5:08  SCV  
  64  5:11  Supply Depot  
  65  5:14  Starport Reactor  
  65  5:15  SCV  
  65  5:18  Marine  
  65  5:20  SCV  
  68  5:22  Terran Infantry Weapons Level 1  
  68  5:23  Terran Infantry Armor Level 1  
  68  5:28  SCV  
  69  5:33  Siege Tank  
  69  5:34  SCV  
  73  5:36  Marine  
  73  5:37  Marine  
  73  5:38  Marine  
  49  5:42  Orbital Command  
  76  5:47  Marine x2  
  76  5:49  SCV x2  
  80  5:55  Barracks, Medivac  
  80  5:56  Barracks, Medivac  
  84  5:58  Marine  
  84  5:59  Marine  
  84  6:01  SCV, Combat Shield  
  84  6:03  Orbital Command, Marine  
  88  6:05  Marine  
  88  6:07  SCV  
  88  6:09  Marine  
  91  6:13  SCV  
  91  6:17  Supply Depot  
  91  6:18  Marine  
  93  6:19  Siege Tank  
  93  6:21  Marine  
  93  6:22  SCV  
  93  6:24  Marine  
  97  6:25  SCV  
  97  6:27  Marine  
  97  6:29  SCV  
  97  6:30  Marine  
  101  6:38  Marine  
  101  6:39  SCV x2, Marine  
  105  6:41  Marine  
  105  6:42  SCV  
  105  6:45  Supply Depot  
  105  6:46  Supply Depot, Barracks Reactor  
  107  6:48  Barracks Reactor  
  107  6:50  Marine  
  107  6:51  SCV  
  109  7:01  Supply Depot  
  109  7:06  SCV, Siege Tank, Marine x2  
  115  7:11  Marine  
  115  7:12  Medivac x2  
  115  7:13  SCV x2  
  115  7:18  Factory  
  115  7:20  Refinery  
  115  7:21  SCV, Armory  
  115  7:22  Marine x2  
  118  7:23  Marine  
  118  7:26  Marine  
  118  7:27  Marine x2  
  118  7:29  Marine x2  
  125  7:30  SCV  
  125  7:34  Marine  
  125  7:37  Supply Depot  
  126  7:39  SCV  
  126  7:40  Supply Depot, Marine x3  
  130  7:44  Marine  
  130  7:45  SCV, Marine  
  133  7:58  SCV, Marine x5  
  135  8:00  Marine x2  
  135  8:02  Marine, SCV, Supply Depot  
  135  8:03  Marine  
  142  8:11  Siege Tank  
  117  8:16  Marine x4  
  117  8:18  Factory Reactor  
  117  8:19  SCV  
  121  8:20  SCV x2  
  121  8:21  Terran Infantry Armor Level 2, Terran Infantry Weapons Level 2  
  121  8:23  Marine  
  121  8:31  SCV  
  121  8:32  SCV  
  121  8:33  Marine x3  
  125  8:34  SCV, Siege Tank, Barracks Reactor  
  125  8:40  Marine  
  134  8:42  Terran Vehicle Weapons Level 1  
  134  8:43  Siege Tank  
  134  8:45  SCV x2  
  134  8:48  Marine  
  136  8:50  Marine, Sensor Tower  
  136  8:52  SCV  
  138  8:57  SCV x2  
  138  8:58  Marine x2  
  144  9:03  Supply Depot  
  144  9:04  Supply Depot  
  142  9:15  SCV, Command Center  
  142  9:17  Marine  
  142  9:18  Marine  
  146  9:25  Siege Tank  
  146  9:26  Siege Tank, Marine  
  146  9:29  Marine  
  146  9:30  Marine x2  
  154  9:32  Supply Depot  
  154  9:34  Marine  
  157  9:41  SCV  
  157  9:43  SCV  
  157  9:44  Barracks x2  
  157  9:45  Ghost Academy  
  157  9:46  Marine  
  157  9:51  Marine x2  
  157  9:52  Marine x3  
  163  9:57  SCV x2, Siege Tank  
  168  10:00  Refinery  
  168  10:01  Marine  
  168  10:04  SCV, Marine  
  171  10:09  Supply Depot  
  171  10:12  SCV  
  172  10:17  SCV  
  173  10:26  SCV x2, Siege Tank, Sensor Tower  
  179  10:29  Siege Tank  
  179  10:33  Barracks Tech Lab, Supply Depot  
  179  10:34  Barracks Tech Lab x2, SCV, Supply Depot  
  182  10:38  SCV x2  
  182  10:42  Liberator x2  
  190  10:47  SCV  
  191  10:51  SCV x2  
  191  10:53  Personal Cloaking  
  191  10:55  Terran Infantry Weapons Level 3  
  193  10:59  SCV  
  193  11:00  Barracks  
  193  11:01  Planetary Fortress  
  192  11:06  Barracks  
  192  11:07  Barracks  
  192  11:08  Marine  
  192  11:09  Marine  
  192  11:10  SCV  
  189  11:12  SCV x2  
  189  11:15  Refinery  
  189  11:16  Terran Infantry Armor Level 3  
  184  11:20  Refinery  
  184  11:22  Missile Turret, Marauder  
  184  11:23  Marauder  
  185  11:28  Liberator x2  
  185  11:32  Terran Vehicle Weapons Level 2  
  191  11:45  Ghost, Ghost Academy  
  191  11:46  Ghost Academy  
  193  11:52  Command Center  
  193  11:55  Barracks Tech Lab x2  
  193  12:00  Ghost  
  197  12:13  Missile Turret  
  199  12:16  Ghost  
  199  12:17  Ghost  
  199  12:19  Nuke  
  195  12:26  Nuke  
  195  12:28  Medivac  
  195  12:29  Medivac  
  195  12:38  Ghost, Missile Turret, Command Center  
  195  12:39  Ghost  
  195  12:41  Missile Turret, Command Center  
  195  12:43  Ghost, Command Center  
  198  12:45  Ghost  
  198  12:49  Ghost  
  191  12:55  Siege Tank  
  194  13:00  Concussive Shells, Command Center  
  194  13:06  Ghost  
  194  13:09  Command Center  
  196  13:13  Ghost  
  198  13:23  Sensor Tower  
  198  13:31  Nuke  
  198  13:37  SCV  
  198  13:38  Missile Turret  
  198  13:39  Nuke x2, Missile Turret  
  198  13:41  Refinery x2  
  199  13:42  Barracks Tech Lab  
  195  13:49  Terran Vehicle Weapons Level 3  
  192  13:55  Missile Turret  
  192  13:57  Neosteel Armor  
  192  13:59  Orbital Command x2, Planetary Fortress  
  192  14:04  Siege Tank  
  192  14:05  Orbital Command  
  195  14:10  Marauder  
  195  14:11  Missile Turret  
  197  14:19  Siege Tank  
  200  14:24  Orbital Command x2  
  200  14:31  Armory  
  200  14:32  Fusion Core  
  200  14:33  Starport  
  200  14:42  Missile Turret, Marauder  
  200  14:49  Missile Turret  
  200  14:58  Thor  
  198  15:06  Siege Tank  
  197  15:07  Viking  
  181  15:19  Viking  
  181  15:20  Marine x5  
  180  15:21  Marine x2  
  180  15:24  Marine x4  
  180  15:25  Marine  
  180  15:26  Marauder  
  181  15:38  Thor, Marine x5  
  181  15:39  Viking, Marine  
  181  15:40  Marine  
  181  15:42  Ghost x2  
  200  15:48  Marine  
  189  15:52  Viking  
  185  15:57  Infernal Pre-Igniter  
  185  16:00  Thor  
  183  16:06  SCV x3  
  183  16:08  SCV x3  
  189  16:16  Ghost x2  
  188  16:27  Marine x2  
  188  16:28  Marauder  
  188  16:31  Marine  
  187  16:39  Marine x2  
  180  16:41  Thor, Marine  
  180  16:43  Viking  
  180  16:44  Marine  
  182  16:49  Viking  
  182  16:53  SCV x2  
  168  17:00  Marine  
  165  17:05  Marine  
  162  17:12  Orbital Command  
  162  17:13  Viking, Thor  
  165  17:17  Marine  
  165  17:18  Marine x2, Marauder  
  165  17:19  Viking  
  165  17:21  Marine x2  
  168  17:23  Marine  
  168  17:25  Marine  
  168  17:26  Marine  
  147  17:38  Thor  
  147  17:39  Marine  
  147  17:40  Marine  
  151  17:45  Marine  
  151  17:46  Marine  
  151  17:51  Marine  
  155  17:54  Orbital Command  
  155  17:55  Marine  
  158  17:59  Medivac, Marine  
  158  18:00  Medivac  
  158  18:02  Marine  
  158  18:04  Marine  
  160  18:08  Marine x2  
  160  18:10  Marine  
  163  18:19  Marine x2  
  165  18:22  Marine  
  165  18:24  Missile Turret  
  165  18:25  Medivac, Marauder  
  168  18:31  Marine, Marauder  
  171  18:36  Marine x2  
  171  18:37  Nuke  
  171  18:38  Medivac  
  171  18:39  Marine x2, Medivac  
  171  18:41  Marine  
  171  18:42  Marine x2  
  171  18:46  Marine  
  171  18:48  Siege Tank x2  
  176  18:50  Marauder  
  176  18:53  Marauder  
  176  18:55  Marine  
  185  19:00  Refinery x2  
  185  19:01  Liberator  
  184  19:06  Marine, Marauder x2, Sensor Tower  
  184  19:07  Marauder  
  184  19:09  Marine x2  
  189  19:11  Marauder  
  189  19:12  Orbital Command, SCV  
  189  19:14  Missile Turret  
  189  19:15  Marine, Marauder  
  192  19:19  Marine x2  
  192  19:20  Siege Tank, Marine  
  194  19:25  Marine  
  194  19:26  SCV x2  
  194  19:27  SCV x2  

Tags
 
Add a new tag
Caveats
  • Supply blocks, unpowered buildings, or Contaminate may cause inaccurate times.
  • Supply counts are checked every 10 seconds.